 Dungeon Crawl Stone Soup version 0.17-a0-484-g0e03f6a (webtiles) character file.

69085 Mysteryquy the Fencer (level 14, -5/124 HPs)
             Began as a Minotaur Fighter on Apr 9, 2015.
             Was the Champion of Okawaru.
             Succumbed to poison (poison gas)
             ... on level 1 of the Swamp on Apr 10, 2015.
             The game lasted 01:25:36 (23300 turns).

Mysteryquy the Fencer (Minotaur Fighter)           Turns: 23300, Time: 01:25:36

Health: -5/124     AC: 30    Str: 29    XL:     14   Next: 89%
Magic:  21/21      EV:  9    Int:  5    God:    Okawaru [******]
Gold:   1021       SH:  0    Dex: 11    Spells: 0 memorised, 13 levels left

rFire  + + .     SeeInvis +     s - +13 sword of the Doom Knight {pain, -Cast MR+}
rCold  . . .     Clarity  .     b - +0 crystal plate armour "Mitaetta" {rF+ rCorr}
rNeg   . . .     SustAb   .     (no shield)
rPois  .         Gourm    .     S - +1 hat
rElec  .         Spirit   .     m - +1 cloak {MR+}
rCorr  +         Warding  .     L - +0 pair of gloves
rMut   .         Stasis   .     r - +0 pair of boots "Irhapp" {rF+}
MR     +++..     NoCast   +     G - amulet of regeneration
Stlth  ..........               B - +1 ring of evasion
                                P - +4 ring of strength

@: lethally poisoned (-5 -> -116), extremely resistant to hostile enchantments,
extremely unstealthy
A: retaliatory headbutt, horns 2, repulsion field 1, see invisible, breathe
flames 1
a: Heroism, Finesse, Renounce Religion, Breathe Fire


You were on level 1 of the Swamp.
You worshipped Okawaru.
Okawaru was exalted by your worship.
You were hungry.

You visited 4 branches of the dungeon, and saw 23 of its levels.

You collected 2155 gold pieces.
You spent 1134 gold pieces at shops.

Inventory:

Hand weapons
 q - the +7 scimitar of the Forest {slice, rC+ Int+8 SInv Stlth-}
   (Okawaru gifted it to you on level 2 of the Lair of Beasts)

   It inflicts extra damage upon your enemies.
   It affects your intelligence (+8).
   It protects you from cold.
   It enhances your eyesight.
   It makes you less stealthy.
 s - the +13 sword of the Doom Knight (weapon) {pain, -Cast MR+}
   (You bought it in a shop on level 4 of the Dungeon)

   In the hands of one skilled in necromantic magic, it inflicts extra damage on
   living creatures.
   It affects your resistance to hostile enchantments.
   It prevents spellcasting.
 u - a +3 triple sword of freezing
 I - a +3 demon blade of venom
Armour
 b - the +0 crystal plate armour "Mitaetta" (worn) {rF+ rCorr}
   (Okawaru gifted it to you on level 9 of the Dungeon)

   It protects you from fire.
   It protects you from acid and corrosion.
 m - a +1 cloak of magic resistance (worn)
 r - the +0 pair of boots "Irhapp" (worn) {rF+}
   (You bought it in a shop on level 1 of the Orcish Mines)

   It protects you from fire.
 L - a +0 pair of gloves (worn)
 S - a +1 hat (worn)
Jewellery
 p - a cursed ring of teleportation
 B - a +1 ring of evasion (right hand)
 G - an amulet of regeneration (around neck)
 J - an uncursed amulet of warding {unknown}
 P - a +4 ring of strength (left hand)
Magical devices
 y - a wand of teleportation (3)
 V - a wand of draining (11)
Scrolls
 h - 8 scrolls of identify
 n - a scroll of teleportation
 w - 6 scrolls of remove curse
 C - a scroll of enchant weapon
 E - a scroll of fear
 F - a scroll of amnesia
 R - a scroll of summoning
Potions
 e - 4 potions of might
 j - 4 potions of brilliance
 k - 2 potions of flight
 t - a potion of invisibility
 v - a potion of heal wounds
 x - 2 potions of cancellation
 z - 2 potions of magic
 A - 5 potions of restore abilities
 D - 4 potions of curing
 N - a potion of berserk rage
 Q - 3 potions of agility
 U - a potion of haste
 X - 3 potions of mutation
Miscellaneous
 H - a legendary deck of changes {the Helix}
Comestibles
 a - a chunk of flesh
 d - 15 bread rations
 f - 10 meat rations
 g - 16 fruits
 i - 27 beef jerkies
 l - 3 slices of pizza
 Z - a royal jelly


   Skills:
 - Level 11.3 Fighting
 + Level 19.9 Long Blades
 + Level 15.5 Armour
   Level 3.7 Shields
 - Level 11.0 Invocations
 - Level 2.6 Evocations


You had 13 spell levels left.
You didn't know any spells.

Dungeon Overview and Level Annotations

Branches:
Dungeon (10/15)            Temple (0/1) D:7            Lair (8/8) D:8
  Swamp (1/5) Lair:3       Spider (0/5) Lair:5        Slime (0/6) Lair:6
    Orc (4/4) D:9             Elf (0/3) Orc:4

Altars:
Dithmenos
Gozag
Nemelex Xobeh
Okawaru
Sif Muna
Xom
Yredelemnul
Zin
The Shining One
Jiyva

Shops:
D:4 (   D:8 :   Orc:1 [   Orc:2 (   Orc:4 %:([


Innate Abilities, Weirdness & Mutations

You reflexively headbutt those who attack you in melee.
You have a pair of horns on your head.
You are surrounded by a mild repulsion field (EV +2).
You have supernaturally acute eyesight.
You can breathe flames.


Message History

* * * LOW HITPOINT WARNING * * *
x2 You feel extremely sick.
The vampire mosquito bites you but does no damage.
The vampire mosquito misses you.
You slash the vampire mosquito!
The vampire mosquito is heavily damaged.
* * * LOW HITPOINT WARNING * * *
You feel extremely sick. The vampire mosquito barely misses you.
Your crystal plate armour "Mitaetta" prevents you from hitting the vampire mosquito.
The vampire mosquito is heavily damaged.
* * * LOW HITPOINT WARNING * * *
You feel extremely sick.
The vampire mosquito bites you but does no damage.
You slice the vampire mosquito!!
You destroy the vampire mosquito!
Okawaru accepts your kill.
* * * LOW HITPOINT WARNING * * *
You feel extremely sick.
You die...

#.. #..#..≈.♣..≈≈≈ ≈
#............♣♣≈≈≈ ♣≈ §§
...#..≈≈≈.≈.≈. ≈≈≈.
##§####...≈≈≈.≈.P. .≈...
#§§÷.......≈...≈..
♣≈♣..#§§#...#...≈≈.≈≈≈≈
.♣≈≈..###.#.##..§.≈≈≈§≈≈
.....≈..†..........≈.≈≈≈♣
..≈..♣.@......≈.......≈≈
.♣....≈..≈.≈≈≈....≈≈♣..
..≈.§.≈≈≈.≈♣.≈.≈≈.≈.....
.≈≈.≈...≈§§≈...≈≈≈♣♣♣.♣♣
.≈..≈≈≈....≈♣♣♣.♣♣♣ ♣♣♣
$.≈.≈♣.≈≈..♣ ♣♣♣
≈≈..≈.≈≈.♣♣ .♣♣≈≈≈♣.♣
♣.≈≈.


There were no monsters in sight!

Vanquished Creatures
  Rupert (Orc:2)
  Kirke (Swamp:1)
  Nessos (Lair:6)
  The ghost of DEFE the Covert, a powerful KoWz of Cheibriados (Lair:7)
  The ghost of Charly the Martial Artist, a powerful MfMo of Cheibriados (Lair:5)
  An ettin (Orc:4)
  Josephine (Lair:4)
  Fannar (Orc:2)
  3 hydras
  3 orc high priests (Orc:4)
  8 death yaks
  Sonja (Orc:4)
  Nergalle (Orc:2)
  A swamp dragon (Swamp:1)
  A wolf spider (Lair:8)
  3 orc sorcerers (Orc:4)
  5 orc knights (Orc:4)
  A guardian serpent (Lair:8)
  A sixfirhy (Orc:4)
  9 elephants
  A torpor snail (Lair:6)
  10 black mambas
  16 spiny frogs
  6 fire drakes
  6 komodo dragons
  4 trolls
  9 polar bears
  A raiju (Lair:8)
  A giant leech (Swamp:1)
  2 two-headed ogres
  A baby alligator (Lair:3)
  13 blink frogs
  Sigmund (D:3)
  5 wraiths
  A spriggan (D:7)
  2 wyverns (Lair:8)
  19 yaks
  4 hogs
  2 redbacks (Lair:8)
  2 deep elf magi (Orc:4)
  A fire elemental (Lair:8)
  4 vampire mosquitoes (Swamp:1)
  A basilisk (Lair:7)
  A human (D:9)
  21 wolves
  A steam dragon (D:9)
  2 swamp worms (Swamp:1)
  Menkaure (D:6)
  5 hippogriffs
  9 wargs
  9 porcupines
  4 hell hounds (Lair:8)
  15 water moccasins
  3 swamp drakes
  19 orc warriors
  2 sky beasts (D:7)
  A wasp (Lair:8)
  2 phantoms
  12 black bears (Lair:8)
  4 spiders (Lair:8)
  2 necrophages
  4 centaurs
  11 crocodiles
  13 ogres
  A boring beetle (Lair:5)
  Blork the orc (D:6)
  2 big kobolds
  19 giant frogs
  3 scorpions
  11 wights
  2 electric eels (Lair:5)
  2 yak skeletons (Orc:4)
  A quasit (D:7)
  3 crimson imps
  A human zombie (D:9)
  22 hounds
  23 orc priests
  4 goliath beetles
  An iron imp (Orc:4)
  2 jellies
  A giant frog skeleton (D:9)
  13 worker ants
  32 orc wizards
  4 iguanas (Lair:1)
  13 sheep (Lair:4)
  A hound skeleton (D:5)
  A mummy (D:9)
  32 adders
  80 river rats
  3 shadow imps
  A white imp (Orc:4)
  A worm (D:3)
  3 orc zombies (Orc:4)
  2 adder skeletons
  6 giant geckos
  3 oozes
  187 orcs
  3 bat skeletons
  2 bat zombies (D:7)
  19 goblins
  30 hobgoblins
  10 jackals
  36 kobolds
  12 quokkas
  11 bats
  7 giant cockroaches
  10 giant newts
  A jackal skeleton (D:4)
  A kobold skeleton (D:9)
  2 quokka skeletons (D:4)
  12 rats
  10 rat skeletons (Orc:4)
  2 fungi
  8 plants
955 creatures vanquished.

Vanquished Creatures (collateral kills)
  2 river rats (Lair:8)
2 creatures vanquished.

Vanquished Creatures (others)
  A giant gecko (D:6)
  An orc (Orc:4)
  A hobgoblin (D:6)
  A kobold (D:6)
  An orc zombie (Orc:4)
  A rat skeleton (Orc:4)
  3 fungi
  4 plants (Lair:8)
13 creatures vanquished.

Grand Total: 970 creatures vanquished

Notes
Turn   | Place    | Note
--------------------------------------------------------------
     0 | D:1      | Mysteryquy, the Minotaur Fighter, began the quest for the Orb.
     0 | D:1      | Reached XP level 1. HP: 19/19 MP: 0/0
   125 | D:1      | Reached XP level 2. HP: 17/27 MP: 1/1
   773 | D:1      | Reached XP level 3. HP: 33/33 MP: 2/2
   897 | D:2      | Reached skill level 4 in Long Blades
   919 | D:2      | Found a glowing silver altar of Zin.
   920 | D:2      | Found a glowing golden altar of the Shining One.
   925 | D:2      | Found a shadowy altar of Dithmenos.
   934 | D:2      | Found a deep blue altar of Sif Muna.
   936 | D:2      | Found an iron altar of Okawaru.
   950 | D:2      | Became a worshipper of Warmaster Okawaru
  1578 | D:3      | Reached XP level 4. HP: 36/40 MP: 3/3
  1621 | D:3      | Reached skill level 5 in Long Blades
  1860 | D:3      | Noticed Sigmund
  1876 | D:3      | Killed Sigmund
  1876 | D:3      | Acquired Okawaru's first power
  1876 | D:3      | Reached skill level 7 in Long Blades
  1876 | D:3      | Reached XP level 5. HP: 27/46 MP: 4/4
  2112 | D:3      | Reached XP level 6. HP: 52/52 MP: 5/5
  2756 | D:3      | Reached skill level 8 in Long Blades
  3025 | D:4      | Reached skill level 9 in Long Blades
  3025 | D:4      | Reached XP level 7. HP: 47/58 MP: 6/6
  3188 | D:4      | Found Bisapoik's Weapon Emporium.
  3467 | D:4      | Reached skill level 10 in Long Blades
  3552 | D:5      | Entered Level 5 of the Dungeon
  3954 | D:5      | Reached skill level 11 in Long Blades
  3954 | D:5      | Reached XP level 8. HP: 39/66 MP: 7/7
  4400 | D:5      | Reached skill level 5 in Fighting
  5204 | D:6      | Reached skill level 12 in Long Blades
  5364 | D:6      | Noticed Blork the orc
  5455 | D:6      | Killed Blork the orc
  5612 | D:6      | Reached XP level 9. HP: 35/79 MP: 8/8
  6071 | D:6      | Noticed Menkaure
  6078 | D:6      | Killed Menkaure
  6347 | D:6      | Found a shimmering altar of Xom.
  6538 | D:7      | Found a staircase to the Ecumenical Temple.
  6601 | D:7      | Found a sparkling altar of Nemelex Xobeh.
  6605 | D:7      | Reached skill level 13 in Long Blades
  7118 | D:7      | Gained mutation: You have supernaturally acute eyesight. [mutagenic meat]
  7119 | D:7      | Gained mutation: You can breathe flames. [mutagenic meat]
  7268 | D:8      | Found a staircase to the Lair.
  7270 | D:8      | Noticed a fire drake
  7280 | D:8      | Killed a fire drake
  7316 | D:8      | Found Ulod's Book Shoppe.
  7405 | D:8      | Reached skill level 10 in Fighting
  7534 | D:8      | Reached XP level 10. HP: 93/93 MP: 9/9
  7594 | D:8      | Reached skill level 14 in Long Blades
  7631 | D:8      | Acquired Okawaru's second power
  8045 | D:8      | Received a gift from Okawaru
  8421 | D:9      | Found a runed door.
  8435 | D:9      | Found a basalt altar of Yredelemnul.
  8719 | D:9      | Found a staircase to the Orcish Mines.
  8728 | D:9      | Received a gift from Okawaru
  8754 | D:9      | Got a bloodstained crystal plate armour {god gift}
  8765 | D:9      | Identified the +0 crystal plate armour "Mitaetta" {rF+ rCorr} (Okawaru gifted it to you on level 9 of the Dungeon)
  9074 | D:9      | Reached skill level 15 in Long Blades
  9074 | D:9      | Reached skill level 5 in Armour
  9251 | D:10     | Entered Level 10 of the Dungeon
  9285 | Orc:1    | Entered Level 1 of the Orcish Mines
  9736 | Lair:1   | Entered Level 1 of the Lair of Beasts
  9744 | Lair:1   | Reached XP level 11. HP: 95/102 MP: 10/10
  9977 | Lair:1   | Found an iron altar of Okawaru.
 10003 | Lair:1   | Noticed a black mamba
 10007 | Lair:1   | Killed a black mamba
 10119 | Lair:1   | Noticed an eight-headed hydra
 10136 | Lair:1   | Killed a 11-headed hydra
 10297 | Orc:2    | Reached skill level 16 in Long Blades
 10430 | Orc:2    | Noticed Nergalle
 10442 | Orc:2    | Killed Nergalle
 10568 | Orc:2    | Found Nusygeaz's Weapon Boutique.
 10597 | Orc:2    | Noticed Rupert
 10598 | Orc:2    | Paralysed by Rupert for 3 turns
 11003 | D:4      | Bought the +13 sword of the Doom Knight {pain, -Cast MR+} for 868 gold pieces
 11646 | Lair:2   | Reached skill level 10 in Armour
 11962 | Lair:2   | Received a gift from Okawaru
 11968 | Lair:2   | Got a bloodstained scimitar {god gift}
 11969 | Lair:2   | Identified the +7 scimitar of the Forest {slice, rC+ Int+8 SInv Stlth-} (Okawaru gifted it to you on level 2 of the Lair of Beasts)
 13150 | Lair:3   | Found a staircase to the Swamp.
 13153 | Lair:3   | Reached skill level 17 in Long Blades
 13153 | Lair:3   | Reached XP level 12. HP: 110/110 MP: 11/11
 13817 | Lair:4   | Noticed Josephine
 13831 | Lair:4   | Killed Josephine
 13831 | Lair:4   | Received a gift from Okawaru
 15085 | Lair:5   | Noticed Charly's ghost (powerful MfMo)
 15111 | Lair:5   | Killed Charly's ghost
 15421 | Lair:5   | Found a hole to the Spider Nest.
 15703 | Lair:5   | Reached skill level 18 in Long Blades
 15968 | Lair:6   | Found a runed door.
 15990 | Lair:6   | Noticed a six-headed hydra
 15999 | Lair:6   | Killed a 11-headed hydra
 16118 | Lair:6   | Reached skill level 1 in Invocations
 16153 | Lair:6   | Found a viscous altar of Jiyva.
 16153 | Lair:6   | Found a staircase to the Slime Pits.
 16259 | Lair:6   | Noticed Nessos
 16374 | Lair:6   | Received a gift from Okawaru
 16714 | Lair:6   | Killed Nessos
 16719 | Lair:6   | Reached XP level 13. HP: 40/116 MP: 13/15
 16767 | Lair:6   | Reached skill level 5 in Invocations
 17295 | Lair:7   | Received a gift from Okawaru
 17322 | Lair:7   | Found an opulent altar of Gozag.
 17408 | Lair:7   | Noticed DEFE's ghost (powerful KoWz)
 17491 | Lair:7   | Killed DEFE's ghost
 18385 | Lair:8   | Entered Level 8 of the Lair of Beasts
 18794 | Lair:8   | Reached skill level 10 in Invocations
 19135 | Lair:8   | Received a gift from Okawaru
 19293 | Lair:8   | Reached XP level 14. HP: 80/124 MP: 21/21
 19847 | Lair:8   | Gained mutation: You are surrounded by a mild repulsion field (EV +2). [potion of beneficial mutation]
 20515 | Orc:2    | Killed Rupert
 20515 | Orc:2    | Reached skill level 19 in Long Blades
 20687 | Orc:1    | Found Quum Soud's Antique Armour Boutique.
 20721 | Orc:1    | Bought a pair of heavily runed boots for 266 gold pieces
 20731 | Orc:1    | Identified the +0 pair of boots "Irhapp" {rF+} (You bought it in a shop on level 1 of the Orcish Mines)
 20826 | Orc:2    | Noticed Fannar
 20841 | Orc:2    | Killed Fannar
 21553 | Orc:4    | Entered Level 4 of the Orcish Mines
 21792 | Orc:4    | Found a staircase to the Elven Halls.
 21803 | Orc:4    | Noticed Sonja
 21959 | Orc:4    | Received a gift from Okawaru
 22347 | Orc:4    | Reached skill level 15 in Armour
 22511 | Orc:4    | Found Anuesakh's Antique Armour Shoppe.
 22513 | Orc:4    | Found Kaakhuib's Food Shop.
 22514 | Orc:4    | Found Wacasigum's Weapon Shoppe.
 22514 | Orc:4    | Found Heanis's Book Shop.
 22645 | Orc:4    | Killed Sonja
 23024 | Swamp:1  | Entered Level 1 of the Swamp
 23214 | Swamp:1  | Noticed Kirke
 23257 | Swamp:1  | Killed Kirke
 23299 | Swamp:1  | HP: 4/124 [poison (poison gas)]
 23300 | Swamp:1  | Succumbed to poison (poison gas)

Action                   |  1- 3 |  4- 6 |  7- 9 | 10-12 | 13-15 || total
-------------------------+-------+-------+-------+-------+-------++-------
Melee: Long sword        |   114 |   138 |   470 |    38 |       ||   760
       Great sword       |       |       |       |   743 |   773 ||  1516
       Triple sword      |       |       |       |    17 |    33 ||    50
       Scimitar          |       |       |       |       |    23 ||    23
       Demon blade       |       |       |       |       |    35 ||    35
Invok: Heroism           |       |       |       |     1 |       ||     1
 Abil: Breathe Fire      |       |       |     1 |     2 |       ||     3
Evoke: Wand              |       |       |       |     4 |       ||     4
  Use: Scroll            |       |       |       |    25 |    14 ||    39
       Potion            |       |       |       |     4 |     5 ||     9
 Stab: Distracted        |       |       |       |     1 |     1 ||     2
       Confused          |       |       |       |     1 |     1 ||     2
       Fleeing           |       |       |       |       |     1 ||     1
  Eat: Chunk             |     1 |     6 |    17 |    30 |    26 ||    80
       Bread ration      |       |       |       |     1 |       ||     1
       Beef jerky        |       |       |       |       |     1 ||     1
